 Dungeon Crawl Stone Soup version 0.31-a0-1-g4198be8af4 (webtiles) character file.

Game seed: 2445655100672948678

51841 jasper the Stormcaller (level 14, -1/118 (120) HPs)
             Began as a Demonspawn Air Elementalist on May 2, 2023.
             Was a High Priest of Ashenzari.
             Slain by an orc knight
             ... wielding a +1 heavy long sword
              (26 damage)
             ... on level 2 of the Orcish Mines.
             The game lasted 00:28:15 (17225 turns).

jasper the Stormcaller (DsAE)                      Turns: 17225, Time: 00:28:16

HP:   -1/118 (120)  AC: 10    Str:  8    XL:     14   Next: 24%
MP:   37/41         EV: 18    Int: 25    God:    Ashenzari [*****.]
Gold: 1652          SH:  0    Dex: 15    Spells: 30/41 levels left

rFire   . . .        O - staff of air of the Fated Submission (curse) {rElec, Elem, Bglg} (curse)
rCold   . . .        (no shield)
rNeg    . . .        a - +0 robe of the Cryptic Vision {Melee, Self} (curse)
rPois   .            Q - +1 hat
rElec   +            E - +0 cloak "Bound Existentialism" {Range, Bglg} (curse)
rCorr   .            d - +0 pair of gloves "Overhang to Understand" {Bglg, Evo} (curse)
SInv    +            c - +0 pair of boots of the Esoteric Portent {Self, Alch} (curse)
Will    ++...        h - amulet "Pessimism of Ashenzari" {RegenMP, Elem, Comp} (curse)
Stlth   ++           u - ring of Panopticon {AC+4, Alch, Fort} (curse)
HPRegen 1.39/turn    w - ring of the Shackled Prison {MP+9, Cun, Evo} (curse)
MPRegen 0.67/turn

%: clarity
@: about to teleport, spiked, lightly drained
A: hooves 2, powered by death 2, big brain 2, demonic magic 2, demonic willpower
a: Renounce Religion, Curse Item, Shatter the Chains


You were on level 2 of the Orcish Mines.
You worshipped Ashenzari.
Ashenzari was extremely pleased with you.
You visited 3 branches of the dungeon, and saw 18 of its levels.

You collected 1862 gold pieces.
You spent 210 gold pieces at shops.

Inventory:

Missiles
 k - 3 throwing nets
 U - 55 stones
Armour
 a - the cursed +0 robe of the Cryptic Vision (worn) {Melee, Self}

   It has a curse which improves the following skills: Melee Combat: Short
   Blades, Long Blades, Axes, Maces & Flails, Polearms, Staves and Unarmed
   Combat.
   Introspection: Fighting and Spellcasting.
 c - the cursed +0 pair of boots of the Esoteric Portent (worn) {Self, Alch}
   (You found it on level 1 of the Dungeon)

   It has a curse which improves the following skills: Introspection: Fighting
   and Spellcasting.
   Alchemy:   Poison Magic and Transmutations.
 d - the cursed +0 pair of gloves "Overhang to Understand" (worn) {Bglg, Evo}
   (You bought it in a shop on level 2 of the Dungeon)

   It has a curse which improves the following skills: Beguiling: Conjurations,
   Hexes and Translocations.
   Evocations: Evocations.
 E - the cursed +0 cloak "Bound Existentialism" (worn) {Range, Bglg}
   (You took it off Crazy Yiuf on level 5 of the Dungeon)

   It has a curse which improves the following skills: Ranged Combat: Ranged
   Weapons and Throwing.
   Beguiling: Conjurations, Hexes and Translocations.
 H - +0 steam dragon scales
 J - a +0 robe of resistance
 Q - a +1 hat (worn)
 T - a +0 cloak
Magical Staves
 O - the cursed staff of air of the Fated Submission (weapon) {rElec, Elem, Bglg}
   (You found it on level 11 of the Dungeon)

   [staff of air]

   Base accuracy: +5 Base damage: 5 Base attack delay: 1.2 This weapon's minimum
   attack delay (0.6) is reached at skill level 12.
   rElec:     It insulates you from electricity.
   It falls into the 'Staves' category.
   It is a one-handed weapon.
   It has a curse which improves the following skills: Elements: Fire Magic, Ice
   Magic, Air Magic and Earth Magic.
   Beguiling: Conjurations, Hexes and Translocations.
Jewellery
 h - the cursed amulet "Pessimism of Ashenzari" (around neck) {RegenMP, Elem, Comp}
   (You found it on level 1 of the Dungeon)

   [amulet of magic regeneration]

   It increases your rate of magic regeneration.
   It has a curse which improves the following skills: Elements: Fire Magic, Ice
   Magic, Air Magic and Earth Magic.
   Companions: Summonings and Necromancy.
 n - an amulet of reflection
 u - the cursed ring of Panopticon (left hand) {AC+4, Alch, Fort}
   (You found it on level 3 of the Dungeon)

   [ring of protection]

   AC:        It affects your AC (+4).
   It has a curse which improves the following skills: Alchemy: Poison Magic and
   Transmutations.
   Fortitude: Armour and Shields.
 w - the cursed ring of the Shackled Prison (right hand) {MP+9, Cun, Evo}
   (You found it on level 3 of the Dungeon)

   [ring of magical power]

   MP:        It affects your magic capacity (+9).
   It has a curse which improves the following skills: Cunning: Dodging and
   Stealth.
   Evocations: Evocations.
 A - an amulet of the acrobat
 I - a +4 ring of protection
 M - a ring of ice
 P - a ring of protection from fire
Wands
 b - a wand of polymorph (3)
 m - a wand of flame (16)
 r - a wand of iceblast (8)
 y - a wand of acid (22)
 B - a wand of charming (16)
Scrolls
 f - 5 scrolls of magic mapping
 p - a scroll of fear
 q - 5 scrolls of teleportation
 t - 4 scrolls of amnesia
 v - 3 scrolls of enchant weapon
 z - 3 scrolls of immolation
 D - a scroll of blinking
 G - 2 scrolls of enchant armour
 L - a scroll of butterflies
 S - a scroll of brand weapon
 V - a scroll of poison
Potions
 e - 2 potions of flight
 g - 2 potions of berserk rage
 i - 4 potions of brilliance
 j - a potion of cancellation
 l - 6 potions of curing
 o - 2 potions of might
 s - 5 potions of haste
 x - a potion of resistance
 C - 2 potions of lignification
 F - a potion of heal wounds
 K - a potion of invisibility
 N - a potion of mutation
 R - 5 potions of ambrosia


   Skills:
 + Level 11.0(14.1) Fighting
 + Level 10.3(12.5) Dodging
 - Level 1.7(3.3) Stealth
 + Level 11.3(14.4) Spellcasting
 - Level 1.0(3.2) Conjurations
 * Level 15.0(18.1) Air Magic


You had 30 spell levels left.
You knew the following spells:

 Your Spells              Type           Power      Damage    Failure   Level
a - Shock                 Conj/Air       100%       1d9       1%          1
b - Static Discharge      Conj/Air       100%       2-7/arc   1%          2
c - Swiftness             Air            100%       N/A       0%          3
d - Apportation           Tloc           42%        N/A       2%          1
e - Airstrike             Air            52%        2d(8-24)  1%          4

Your spell library contained the following spells:

 Spells                   Type           Power      Damage    Failure   Level
 Kiss of Death            Conj/Necr      100%       2d13      1%          1
 Ensorcelled Hibernation  Hex/Ice        40%        N/A       3%          2
 Lesser Beckoning         Tloc           42%        N/A       3%          2
 Confusing Touch          Hex            21%        N/A       8%          3
 Frozen Ramparts          Ice            40%        1d7       8%          3
 Gell's Gravitas          Tloc           21%        N/A       8%          3
 Portal Projectile        Hex/Tloc       42%        N/A       8%          3
 Spider Form              Tmut/Pois      20%        N/A       8%          3
 Teleport Other           Tloc           21%        N/A       8%          3
 Call Canine Familiar     Summ           19%        N/A       9%          3
 Anguish                  Hex/Necr       10%        N/A       26%         4
 Ice Form                 Ice/Tmut       20%        N/A       26%         4
 Leda's Liquefaction      Hex/Erth       10%        N/A       26%         4
 Summon Ice Beast         Ice/Summ       19%        N/A       26%         4
 Dispel Undead            Necr           19%        3d11      28%         4
 Irradiate                Conj/Tmut      13%        3d16      38%         5
 Alistair's Intoxication  Tmut/Pois      13%        N/A       58%         5
 Blade Hands              Tmut           10%        N/A       58%         5
 Dragon Form              Tmut           10%        N/A       100%        7


Dungeon Overview and Level Annotations

Branches:
Dungeon (11/15)            Temple (0/1) D:6            Lair (5/5) D:9
 Shoals (0/4) Lair:3        Snake (0/4) Lair:3        Slime (0/5) Lair:4
    Orc (2/2) D:11            Elf (0/3) Orc:2

Altars:
Ashenzari
Cheibriados
Dithmenos
Hepliaklqana
Kikubaaqudgha
Nemelex Xobeh
Qazlal
Sif Muna
Uskayaw
Yredelemnul
Jiyva

Shops:
D:2 [   D:8 **

Annotations:
D:4 3 runed translucent doors, soul19's ghost, amateur DsFi
D:8 1 runed translucent door, MrSquiggles's ghost, novice DrGl
Lair:5 2 runed translucent doors


Innate Abilities, Weirdness & Mutations

You have hoof-like feet.
You regenerate health from kills.
You have an extremely huge brain. (Int +4)
Spells you cast may paralyse nearby enemies.
You punish those that try to bend your will. (Will+)


Message History

You take 33 damage, and have 32/116 hp.
MASSIVE DAMAGE!!
Aiming: Shock (safe; 1% risk of failure)
Press: ? - help, Q - select action, (/) - cycle Shift-Dir - straight line, f/p - orc high priest
Aim: an orc high priest, wielding a +0 short sword (almost dead, strong, paralysed, 100% to hit)
You feel a surge of power!
The zap hits the orc high priest!
The orc high priest is almost dead.
The zap hits the red devil.
You kill the red devil!
The red devil disappears in a puff of smoke!
The zap misses the orc knight.
The zap hits the orc priest!
The orc priest is severely wounded.
Malevolent energies surge around you.
The orc high priest is no longer paralysed.
The sun demon misses you.
The orc priest calls upon Beogh to heal the orc knight.
The orc knight is healed somewhat.
The orc high priest mumbles some strange prayers to Beogh against you.
Beogh smites you!
* * * LOW HITPOINT WARNING * * *
The sun demon misses you. The hellwing barely misses you.
The hellwing hits you but does no damage.
You take 10 damage, and have 22/116 hp.
Aiming: Shock (safe; 1% risk of failure)
Press: ? - help, Q - select action, (/) - cycle Shift-Dir - straight line, f/p - orc high priest
Aim: an orc high priest, wielding a +0 short sword (almost dead, strong, 67% to hit)
You feel a surge of power!
The zap hits the orc high priest.
You kill the orc high priest!
The sun demon disappears in a puff of smoke!
The hellwing disappears in a puff of smoke!
The zap hits the orc knight.
The orc knight is lightly wounded.
The zap hits the orc priest!
You kill the orc priest!
Malevolent energies surge around you.
You now have 36/41 mp.
As you read the scroll of teleportation, it crumbles to dust.
You feel strangely unstable.
The orc knight hits you with a +1 heavy long sword!!
You die... .........# , , , {, #oo

#. ...#.....#* ,,* .oo, *o.###.
.........#*{ ,* ,... * ,.{##.
.........##, , ,, #.# , ,#o##.
..#......##.** ,,,{#.# ,, ##)##.
.........##.. * , #{# , *##..###
.........#*#..## #.# ###))## #
.........# *#.§§####o####..)## ##
....#....# #§@o.o).....### #.
...#.....# ######.###### #.
..##...#.###########.#######* #.
...#..#.....)..............., ##
#...........................,
#...........##.............. ***
##.........))..............#*,*,*
##..........)..........#..., ,
#..........#.#.#)...#.###.# *


You could see an orc knight and 2 orc wizards.

Vanquished Creatures
  Kirke (Lair:4)
  Gastronok (Lair:3)
  Fannar (Orc:1)
  4 hydras
  Erica (D:8)
  2 two-headed ogres
  2 orc high priests (Orc:2)
  A fire crab (Lair:3)
  2 orc knights (Orc:2)
  2 cyclopes
  5 orc sorcerers (Orc:2)
  3 elephants (Lair:2)
  A manticore (D:11)
  4 centaur zombies (D:10)
  7 black mambas
  Maurice (D:8)
  6 cane toads
  A rime drake (Lair:2)
  9 komodo dragons
  3 trolls
  A queen bee (Lair:3)
  3 polar bears
  Prince Ribbit (D:8)
  10 dream sheep (Lair:4)
  7 blink frogs
  A hornet (D:10)
  A snapping turtle (Lair:3)
  Sigmund (D:3)
  A centaur simulacrum (D:11)
  A shadow (D:11)
  A human (D:11)
  A wyvern (D:8)
  4 hogs (Lair:4)
  69 yaks
  A basilisk (Lair:5)
  3 steam dragons
  2 vampire mosquitoes (D:10)
  5 acid dragons
  8 wargs
  Duvessa (D:6)
  9 water moccasins
  2 black bears
  17 orc warriors
  2 ice beasts
  3 sky beasts
  7 ogres
  3 centaurs
  2 phantoms
  23 wolves
  12 bullfrogs
  A necrophage (D:10)
  3 kobold brigands (D:9)
  A gnoll sergeant (D:10)
  4 scorpions
  19 wights
  29 killer bees
  Dowan (D:6)
  6 howler monkeys
  2 lava snakes (Lair:5)
  3 hounds
  A jelly (D:7)
  16 orc priests
  Crazy Yiuf (D:5)
  A human zombie (D:10)
  2 sleepcaps (D:6)
  3 gnoll boudas
  5 iguanas
  25 orc wizards
  Ijyb (D:4)
  4 mummies (D:10)
  11 adders
  18 gnolls
  A shadow imp (D:4)
  5 white imps
  3 worms (D:2)
  52 orcs
  5 endoplasms
  7 giant cockroaches
  8 hobgoblins
  4 jackals (D:1)
  9 quokkas
  7 ball pythons
  5 bats
  4 frilled lizards
  7 goblins
  15 kobolds
  5 rats
553 creatures vanquished.

Vanquished Creatures (others)
  A human (Lair:4)
  An orc priest (Orc:2)
  An orc (Orc:2)
  3 bushes (Lair:4)
  24 fungi
  66 plants
96 creatures vanquished.

Grand Total: 649 creatures vanquished

Notes
Turn   | Place    | Note
-------+----------+-------------------------------------------
     0 | D:1      | jasper the Demonspawn Air Elementalist began the quest for
                  | the Orb.
     0 | D:1      | Reached XP level 1. HP: 13/13 MP: 3/3
   209 | D:1      | Reached skill level 3 in Air Magic
   209 | D:1      | Gained mutation: You have large cloven feet. [demonic
                  | ancestry]
   209 | D:1      | Reached XP level 2. HP: 19/19 MP: 1/5
   212 | D:1      | Learned a level 2 spell: Static Discharge
   424 | D:1      | Found a faded altar of an unknown god.
   672 | D:1      | Reached XP level 3. HP: 24/24 MP: 5/7
  1150 | D:2      | Found Rugedi Ivvou's Antique Armour Boutique.
  1343 | D:2      | Bought a pair of gloves for 126 gold pieces
  1542 | D:2      | Gained mutation: Spells you cast may paralyse adjacent
                  | enemies. [demonic ancestry]
  1542 | D:2      | Reached XP level 4. HP: 30/30 MP: 6/8
  1794 | D:3      | Learned a level 3 spell: Swiftness
  1796 | D:3      | Learned a level 1 spell: Apportation
  1817 | D:3      | Found a broken altar of Ashenzari.
  1840 | D:3      | Became a worshipper of Ashenzari the Shackled
  1930 | D:3      | Found a shadowy altar of Dithmenos.
  2023 | D:3      | Noticed Sigmund
  2043 | D:3      | Killed Sigmund
  2044 | D:3      | Reached skill level 4 in Air Magic
  2044 | D:3      | Gained mutation: You regenerate a little health from kills.
                  | [demonic ancestry]
  2044 | D:3      | Reached XP level 5. HP: 9/35 MP: 4/11
  2189 | D:3      | Found a faded altar of an unknown god.
  2195 | D:3      | Found a shimmering blue altar of Sif Muna.
  2236 | D:3      | Reached XP level 6. HP: 41/41 MP: 7/12
  2241 | D:3      | Learned a level 4 spell: Airstrike
  2803 | D:4      | Found a snail-covered altar of Cheibriados.
  2803 | D:4      | Found a sparkling altar of Nemelex Xobeh.
  3015 | D:4      | Reached * piety under Ashenzari
  3021 | D:4      | Found a runed translucent gate.
  3021 | D:4      | Found a runed translucent gate.
  3021 | D:4      | Found a runed translucent gate.
  3021 | D:4      | Noticed soul19's ghost (amateur DsFi)
  3134 | D:4      | Reached skill level 5 in Air Magic
  3337 | D:4      | Noticed Ijyb
  3366 | D:4      | Killed Ijyb
  3494 | D:4      | Reached XP level 7. HP: 48/48 MP: 15/15
  3497 | D:4      | Reached skill level 1 in Fighting
  3497 | D:4      | Reached skill level 5 in Spellcasting
  3926 | D:5      | Entered Level 5 of the Dungeon
  3996 | D:5      | Reached skill level 6 in Air Magic
  4152 | D:5      | Reached XP level 8. HP: 58/58 MP: 17/17
  4287 | D:5      | Reached ** piety under Ashenzari
  4739 | D:5      | Found a runed translucent door.
  4740 | D:5      | Noticed Crazy Yiuf
  4747 | D:5      | Killed Crazy Yiuf
  4786 | D:6      | Found an ancient bone altar of Kikubaaqudgha.
  4810 | D:6      | Reached skill level 7 in Air Magic
  4853 | D:6      | Noticed Duvessa
  4867 | D:6      | Noticed Dowan
  4877 | D:6      | Killed Duvessa
  4880 | D:6      | Killed Dowan
  4960 | D:6      | Found a staircase to the Ecumenical Temple.
  5244 | D:6      | Identified the +1 glaive of Wyrd {drain, rElec rPois}
  5609 | D:6      | Gained mutation: You have an unusually large brain. (Int
                  | +2) [demonic ancestry]
  5609 | D:6      | Reached XP level 9. HP: 66/68 MP: 20/20
  5707 | D:6      | Reached skill level 8 in Air Magic
  6335 | D:7      | Reached *** piety under Ashenzari
  6431 | D:7      | Reached skill level 5 in Dodging
  6488 | D:7      | Reached **** piety under Ashenzari
  6597 | D:7      | Reached skill level 5 in Fighting
  6838 | D:8      | Noticed Maurice
  6850 | D:8      | Killed Maurice
  6851 | D:8      | Reached skill level 9 in Air Magic
  6961 | D:8      | Gained mutation: Spells you cast may paralyse nearby
                  | enemies. [demonic ancestry]
  6961 | D:8      | Reached XP level 10. HP: 79/79 MP: 23/23
  7272 | D:8      | Noticed a two-headed ogre
  7274 | D:8      | Noticed a cyclops
  7275 | D:8      | Killed a two-headed ogre
  7284 | D:8      | Killed a cyclops
  7412 | D:8      | Noticed Prince Ribbit
  7417 | D:8      | Killed Prince Ribbit
  7439 | D:8      | Found a runed translucent door.
  7440 | D:8      | Noticed MrSquiggles's ghost (novice DrGl)
  7523 | D:8      | Found a hazy altar of Hepliaklqana.
  7550 | D:8      | Noticed Erica
  7556 | D:8      | Killed Erica
  7557 | D:8      | Reached skill level 10 in Air Magic
  7665 | D:8      | Found Eczyga's General Store.
  7665 | D:8      | Found Atotext's Specific Store.
  7685 | D:8      | Bought a scroll of teleportation for 42 gold pieces
  7685 | D:8      | Bought a potion of curing for 42 gold pieces
  8099 | D:9      | Found a staircase to the Lair.
  8334 | D:9      | Gained mutation: You have an extremely huge brain. (Int +4)
                  | [demonic ancestry]
  8334 | D:9      | Reached XP level 11. HP: 80/87 MP: 25/25
  8740 | D:9      | Noticed a two-headed ogre
  8749 | D:9      | Killed a two-headed ogre
  8777 | D:10     | Entered Level 10 of the Dungeon
  9005 | D:10     | Reached ***** piety under Ashenzari
  9033 | D:10     | Noticed a +0 dagger
  9034 | D:10     | Noticed a +0 hand axe
  9037 | D:10     | Found a hide-covered altar of Uskayaw.
  9049 | D:10     | Found a stormy altar of Qazlal.
  9054 | D:10     | Reached skill level 11 in Air Magic
  9595 | D:10     | Found a basalt altar of Yredelemnul.
 10072 | D:11     | Found a staircase to the Orcish Mines.
 10671 | D:11     | Reached skill level 12 in Air Magic
 10671 | D:11     | Gained mutation: You regenerate health from kills. [demonic
                  | ancestry]
 10671 | D:11     | Reached XP level 12. HP: 100/100 MP: 27/27
 10871 | Lair:1   | Entered Level 1 of the Lair of Beasts
 12208 | Lair:2   | Noticed a four-headed hydra
 12211 | Lair:2   | Killed a four-headed hydra
 12795 | Lair:3   | Reached skill level 13 in Air Magic
 12826 | Lair:3   | Noticed Gastronok
 13040 | Lair:3   | Found a staircase to the Snake Pit.
 13058 | Lair:3   | Reached skill level 10 in Spellcasting
 13094 | Lair:3   | Noticed a six-headed hydra
 13097 | Lair:3   | Killed a six-headed hydra
 13254 | Lair:3   | Gained mutation: You have hoof-like feet. [demonic
                  | ancestry]
 13254 | Lair:3   | Reached XP level 13. HP: 84/109 MP: 21/30
 13587 | Lair:3   | Killed Gastronok
 13853 | Lair:3   | Found a staircase to the Shoals.
 14198 | Lair:4   | Reached skill level 10 in Fighting
 14253 | Lair:4   | Noticed Kirke
 14287 | Lair:3   | Identified the cursed staff of air of the Fated Submission
                  | {rElec, Elem, Bglg} (You found it on level 11 of the
                  | Dungeon)
 14287 | Lair:3   | Identified the cursed +0 cloak "Bound Existentialism"
                  | {Range, Bglg} (You took it off Crazy Yiuf on level 5 of the
                  | Dungeon)
 14287 | Lair:3   | Identified the cursed +0 pair of gloves "Overhang to
                  | Understand" {Bglg, Evo} (You bought it in a shop on level 2
                  | of the Dungeon)
 14287 | Lair:3   | Identified the cursed +0 pair of boots of the Esoteric
                  | Portent {Self, Alch} (You found it on level 1 of the
                  | Dungeon)
 14287 | Lair:3   | Identified the cursed +0 robe of the Cryptic Vision {Melee,
                  | Self}
 14287 | Lair:3   | Identified the cursed ring of Panopticon {AC+4, Alch, Fort}
                  | (You found it on level 3 of the Dungeon)
 14287 | Lair:3   | Identified the cursed ring of the Shackled Prison {MP+9,
                  | Cun, Evo} (You found it on level 3 of the Dungeon)
 14330 | Lair:4   | Killed Kirke
 14331 | Lair:4   | Reached skill level 14 in Air Magic
 15154 | Lair:4   | Found a viscous altar of Jiyva.
 15154 | Lair:4   | Found a staircase to the Slime Pits.
 15225 | Lair:5   | Entered Level 5 of the Lair of Beasts
 15322 | Lair:5   | Reached skill level 10 in Dodging
 15626 | Lair:5   | Found a large runed translucent door.
 15626 | Lair:5   | Noticed a fire dragon
 15631 | Lair:5   | Found a large runed translucent door.
 15631 | Lair:5   | Identified the ring "Foyppeni" {Str+2 SInv Stlth+}
 15784 | Orc:1    | Entered Level 1 of the Orcish Mines
 15966 | Orc:1    | Noticed Fannar
 15974 | Orc:1    | Killed Fannar
 15975 | Orc:1    | Gained mutation: You punish those that try to bend your
                  | will. (Will+) [demonic ancestry]
 15975 | Orc:1    | Reached XP level 14. HP: 96/119 MP: 21/32
 16253 | Orc:2    | Entered Level 2 of the Orcish Mines
 16282 | Orc:2    | Found a staircase to the Elven Halls.
 16989 | Orc:2    | Reached skill level 15 in Air Magic
 17225 | Orc:2    | Slain by an orc knight

Illustrated notes

Levels and vault maps discovered:
D:1:      minmay_arrival_five_plusses, layout_rooms,
          dreamdust_ecumenical_altar_grove
D:2:      kennysheep_big_flooded_room, layout_basic, serial_shops,
          nicolae_shop_trees, kennysheep_cross_room, kennysheep_generic_room_10
D:3:      layout_basic, mainiacjoe_overflow_24_doors, ashenzari_altar_1,
          nicolae_overflow_ecumenical_swirl, uniq_sigmund
D:4:      layout_loops_ring, nicolae_elyvilon_temple_path,
          nicolae_overflow_two_pavilions, ebering_ghost_rock_garden,
          grunt_ministairs_12, uniq_ijyb
D:5:      layout_loops_ring, uniq_crazy_yiuf_cottage
D:6:      minmay_chambers_of_threes, layout_loops_ring,
          mainiacjoe_overflow_paths, minmay_temple_entry_mini_moons,
          serial_co_window_serial, co_window_corner_a,
          co_window_of_opportunity_a, co_window_corner_a, co_window_cross_1,
          co_window_corner_a, co_window_corner_ca, co_window_broadway_a,
          co_window_2corner, co_window_2corner, glass_columns_c,
          glass_columns_c, uniq_duvessa
D:7:      layout_cave_pools, grunt_ministairs_3, minmay_crystal_room,
          nrook_mini_vaults, kennysheep_doodads, wad_floor_pattern_untrapped
D:8:      layout_rooms, lemuel_round_altar, marbit_many_paths,
          hellmonk_ghost_happy_afterlife, nicolae_ossuary_entry_monument,
          nicolae_specific_store, item_on_display_a, uniq_prince_ribbit1,
          uniq_maurice, uniq_erica
D:9:      layout_small_grid, erik_lair_orcish_takeover
D:10:     layout_small_grid, dancing_weapons_uskayaw,
          lemuel_mausoleum_altar_yredelemnul, old_standard_altar
D:11:     layout_stronghold, erik_orc_4, lemuel_old_faithful
Lair:1:   layout_gridlike, st_stairs_6
Lair:2:   layout_regular_city, infiniplex_staircase_pool_2
Lair:3:   layout_long_grid, minmay_shoals_entry_hut, dummy_snake_entry,
          special_room [special_room_bee], enter_volcano_1, uniq_gastronok
Lair:4:   layout_roguey, dpeg_slime_entry_enclosed, serial_forest,
          infiniplex_forest_lined_ring, infiniplex_forest_end_2,
          infiniplex_forest_clump_C, infiniplex_forest_lined_2,
          infiniplex_forest_lined_ring, infiniplex_forest_clump_tiny, uniq_kirke
Lair:5:   cheibrodos_lair_end_hotspot, layout_regular_city, basic_altar,
          minmay_hedge_maze
Orc:1:    layout_caves, david_defended_altar_orc, uniq_fannar
Orc:2:    st_orc_elflike, layout_caves, nicolae_orc_crystal_geode

Skill      XL: |  1  2  3  4  5  6  7  8  9 10 11 12 13 14 |
---------------+-------------------------------------------+-----
Air Magic      | 3 4 5 6 7 9 10 12 13 14 15 | 15.0
Spellcasting   | 3 4 5 6 7 8 9 10 11 | 11.3
Dodging        | 2 3 4 5 6 7 9 10 | 10.3
Fighting       | 2 4 5 6 8 9 10 11 | 11.0
Stealth        | |  1.7
Conjurations   | |  1.0

Action                     |  1- 3 |  4- 6 |  7- 9 | 10-12 | 13-15 || total
---------------------------+-------+-------+-------+-------+-------++-------
  Melee: Unarmed           |    11 |       |       |       |       ||    11
         Spear             |    13 |    27 |    57 |    36 |       ||   133
         Punch             |       |       |     1 |       |       ||     1
         Staff             |       |       |       |     3 |     9 ||    12
   Cast: Shock             |    97 |   118 |   251 |   486 |   335 ||  1287
         Static Discharge  |     2 |     1 |    20 |    67 |    85 ||   175
         Apportation       |       |       |    10 |     4 |       ||    14
         Airstrike         |       |       |    12 |   130 |   112 ||   254
 Invoke: Curse Item        |       |     2 |     4 |     3 |       ||     9
         Shatter the Chain |       |       |       |     1 |       ||     1
    Use: Potion            |     1 |       |     1 |       |     2 ||     4
         Scroll            |     5 |       |       |       |     4 ||     9
   Stab: Paralysed         |       |       |     7 |     7 |     2 ||    16
         Sleeping          |       |       |       |     2 |       ||     2
 Armour: Robe              |     5 |    23 |    60 |    60 |    52 ||   200
  Dodge: Dodged            |    24 |    26 |   126 |   185 |   189 ||   550

Table legend: (Time is in decaauts)
 A = Elapsed time spent in this place.
 B = Non-inter-level travel time spent in this place.
 C = Inter-level travel time spent in this place.
 D = Time resting spent in this place.
 E = Time spent auto-exploring this place.
 F = Levels seen in this place.
 G = Mean time per level.
                   A        B        C        D        E       F      G
               +--------+--------+--------+--------+--------+-----+--------+
         Total |  17343 |  16556 |    787 |    694 |  12718 |  18 |  963.5 |
       Dungeon |  11025 |  10506 |    519 |    295 |   8264 |  11 | 1002.3 |
          Lair |   4877 |   4647 |    230 |    161 |   3579 |   5 |  975.4 |
  Orcish Mines |   1440 |   1403 |     37 |    238 |    875 |   2 |  720.0 |
               +--------+--------+--------+--------+--------+-----+--------+

Top non-repeatable levels by time:
  Lair:3: 1418 daAuts
     D:6: 1384 daAuts
  Lair:2: 1252 daAuts
     D:4: 1154 daAuts
    D:10: 1139 daAuts
     D:3: 1033 daAuts
  Lair:4: 1015 daAuts
    D:11: 981 daAuts
   Orc:2: 972 daAuts
     D:9: 937 daAuts
     D:7: 924 daAuts
     D:2: 917 daAuts
     D:5: 860 daAuts
     D:8: 847 daAuts
     D:1: 844 daAuts
